 Dungeon Crawl Stone Soup version 0.20.0-15-g7f486f2 (webtiles) character file.

22679 vishdafish the Cleaver (level 13, -1/101 HPs)
             Began as a Formicid Fighter on June 27, 2017.
             Was a High Priest of Okawaru.
             Slain by a white ugly thing (11 damage)
             ... on level 14 of the Dungeon.
             The game lasted 00:32:51 (13955 turns).

vishdafish the Cleaver (Formicid Fighter)          Turns: 13955, Time: 00:32:52

Health: -1/101     AC: 24    Str: 29    XL:     13   Next: 29%
Magic:  15/20      EV: 11    Int:  8    God:    Okawaru [*****.]
Gold:   767        SH: 13    Dex: 12    Spells: 12/12 levels left

rFire    . . .     SeeInvis +   U - +0 battleaxe
rCold    . . .     Gourm    .   c - +0 shield
rNeg     . . .     Faith    .   E - +0 plate armour
rPois    .         Spirit   .   (helmet unavailable)
rElec    .         Reflect  .   J - +2 cloak
rCorr    .         Harm     .   P - +0 pair of gloves
MR       +....                  q - +0 pair of boots
Stlth    ..........             (no amulet)
Regen    0.3/turn               l - +4 ring of protection
MPRegen  0.2/turn               K - +5 ring of strength

@: finesse
A: permanent stasis, dig shafts and tunnels, four strong arms, antennae 3
a: Dig, Shaft Self, Heroism, Finesse, Renounce Religion


You were on level 14 of the Dungeon.
You worshipped Okawaru.
Okawaru was extremely pleased with you.
You were hungry.

You visited 2 branches of the dungeon, and saw 15 of its levels.

You collected 767 gold pieces.

Inventory:

Hand Weapons
 T - a +5 longbow
 U - a +0 battleaxe (weapon)
 X - a +0 dire flail
Missiles
 b - 4 steel javelins (quivered)
Armour
 c - a +0 shield (worn)
 q - a +0 pair of boots (worn)
 E - a +0 plate armour (worn)
 J - a +2 cloak (worn)
 P - a +0 pair of gloves (worn)
Jewellery
 i - an uncursed ring of protection from magic
 l - a +4 ring of protection (left hand)
 p - an uncursed ring of protection from magic
 I - an uncursed ring of resist corrosion
 K - a +5 ring of strength (right hand)
 R - an uncursed ring of protection from fire
Wands
 a - a wand of lightning (8/15)
 v - a wand of polymorph (14/24)
 y - a wand of iceblast (9/15)
 N - a wand of disintegration (13/24)
 S - a wand of paralysis (15/24)
Scrolls
 d - a scroll of magic mapping
 g - 3 scrolls of fog
 h - 9 scrolls of remove curse
 j - 7 scrolls of teleportation
 m - 2 scrolls of recharging
 r - 4 scrolls of blinking
 s - a scroll of identify
 w - 4 scrolls of fear
 x - 2 scrolls of enchant weapon
 z - 2 scrolls of random uselessness
 A - a scroll of amnesia
 F - 3 scrolls of noise {unknown}
 H - a scroll of immolation {unknown}
 O - 3 scrolls of vulnerability {unknown}
 Q - a scroll of enchant armour {unknown}
Potions
 e - 3 potions of heal wounds
 f - a potion of invisibility {unknown}
 k - 2 potions of degeneration
 o - 2 potions of flight
 t - a potion of resistance {unknown}
 B - a potion of haste
 C - a potion of berserk rage {unknown}
 D - 2 potions of lignification
 L - 2 potions of agility {unknown}
 M - a potion of might
 Y - 2 potions of magic {unknown}
Books
 V - a book of Necromancy

   Spells                             Type                      Level
   a - Pain                           Necromancy                   1
   b - Animate Skeleton               Necromancy                   1
   c - Vampiric Draining              Necromancy                   3
   d - Regeneration                   Charms/Necromancy            3
   e - Animate Dead                   Necromancy                   4
   f - Control Undead                 Necromancy                   4
Miscellaneous
 u - a lamp of fire
Comestibles
 n - 48 fruits
 G - 5 royal jellies
 W - a bread ration


   Skills:
 + Level 9.5 Fighting
 * Level 11.7 Axes
 + Level 9.4 Armour
 + Level 6.8 Dodging
 - Level 0.3 Stealth
 + Level 10.2 Shields
 * Level 10.4 Invocations


You had 12 spell levels left.
You didn't know any spells.

Dungeon Overview and Level Annotations

Branches:
Dungeon (15/15)            Temple (1/1) D:7            Lair (0/6) D:11
    Orc (0/2) D:9
 Vaults: D:13-14     Depths: D:15

Altars:
Ashenzari
Cheibriados
Dithmenos
Elyvilon
Fedhas
Gozag
Hepliaklqana
Kikubaaqudgha
Makhleb
Nemelex Xobeh
Okawaru
Qazlal
Ru
Sif Muna
Trog
Uskayaw
Vehumet
Xom
Yredelemnul
Zin
The Shining One

Shops:
D:4 [   D:5 ?

Annotations:
D:12 Sonja


Innate Abilities, Weirdness & Mutations

You cannot be hasted, slowed, berserked, paralysed or teleported.
You can dig through walls and to a lower floor.
Your four strong arms can wield two-handed weapons with a shield.
You have a pair of large antennae on your head. (SInv)


Message History

You hit the white ugly thing. You closely miss the komodo dragon.
You hit the centaur warrior zombie but do no damage.
The centaur warrior zombie hits you but does no damage.
The komodo dragon bites you but does no damage.
The white ugly thing gores you. The white ugly thing freezes you!
Are you sure you want to shaft yourself?
You are feeling hungry.
The centaur warrior zombie hits you.
You block the white ugly thing's attack.
The komodo dragon bites you!!
* * * LOW HITPOINT WARNING * * *
You block the white ugly thing's attack. x2
The centaur warrior zombie hits you.
* * * LOW HITPOINT WARNING * * *
You begin to dig a shaft.
You continue digging a shaft.
The white ugly thing misses you. You block the komodo dragon's attack.
You block the white ugly thing's attack.
You block the centaur warrior zombie's attack.
The white ugly thing tail-slaps you!
You die...

#. .... . #.
.... ..####.
..... .......
..... ......
......
.....#####......
#.u.uul......
#.>uu@Z.#
#..####.# #..# #
#..# #..# #..#
#..# #..#


You could see 5 ugly things, a komodo dragon and a centaur warrior zombie.

Vanquished Creatures
  A hydra (D:11)
  7 two-headed ogres
  A tengu warrior (D:10)
  4 skeletal warriors (D:10)
  An unseen horror (D:11)
  A manticore (D:11)
  The ghost of yogakurto the Twirler, a novice FoGl of Nemelex Xobeh (D:6)
  A cyclops (D:11)
  2 ugly things (D:11)
  A gargoyle (D:12)
  A queen bee (D:11)
  3 trolls
  The ghost of robba the Chopper, an amateur HuBe of Trog (D:4)
  5 hippogriffs
  Sigmund (D:5)
  2 basilisks
  9 yaks
  A hungry ghost (D:10)
  4 vampire mosquitoes (D:9)
  An acid dragon (D:12)
  3 porcupines
  An ice beast (D:7)
  2 sky beasts
  A black bear (D:10)
  An orc warrior (D:9)
  A phantom (D:8)
  A necrophage (D:7)
  3 centaurs
  5 ogres
  3 wolves
  4 crocodiles
  A gnoll sergeant (D:10)
  6 big kobolds
  Blork the orc (D:5)
  12 bullfrogs
  A scorpion (D:10)
  25 killer bees
  3 howler monkeys
  An electric eel (D:11)
  6 crimson imps
  A quasit (D:10)
  2 bullfrog zombies
  6 hounds
  Crazy Yiuf (D:2)
  A centaur zombie (D:9)
  3 jellies
  11 orc wizards
  8 orc priests
  Jessica (D:2)
  4 bullfrog skeletons
  4 centaur skeletons
  Ijyb (D:3)
  2 iguanas
  7 worker ants
  A hound zombie (D:10)
  2 hound skeletons
  A worker ant zombie (D:11)
  4 gnolls
  13 adders
  2 shadow imps
  An ooze (D:1)
  An adder zombie (D:9)
  8 worms
  2 dart slugs (D:1)
  5 leopard geckos
  47 orcs
  A ball python (D:1)
  14 bats
  7 giant cockroaches
  6 goblins
  5 hobgoblins
  6 jackals
  7 quokkas
  4 frilled lizards
  A jackal zombie (D:8)
  39 kobolds
  A leopard gecko skeleton (D:5)
  A quokka zombie (D:5)
  6 rats
  3 plants
369 creatures vanquished.

Vanquished Creatures (others)
  8 plants (D:11)
8 creatures vanquished.

Grand Total: 377 creatures vanquished

Notes
Turn   | Place    | Note
-------+----------+-------------------------------------------
     0 | D:1      | vishdafish the Formicid Fighter began the quest for the Orb.
     0 | D:1      | Reached XP level 1. HP: 18/18 MP: 1/1
   282 | D:1      | Reached XP level 2. HP: 24/24 MP: 2/2
   558 | D:1      | Reached XP level 3. HP: 29/29 MP: 3/3
   912 | D:2      | Reached XP level 4. HP: 36/36 MP: 4/4
  1085 | D:2      | Reached skill level 3 in Axes
  1298 | D:2      | Reached XP level 5. HP: 42/42 MP: 5/5
  1367 | D:2      | Found a runed door.
  1528 | D:2      | Noticed Jessica
  1543 | D:2      | Killed Jessica
  1838 | D:2      | Noticed Crazy Yiuf
  1846 | D:2      | Killed Crazy Yiuf
  1925 | D:3      | Noticed Ijyb
  1933 | D:3      | Killed Ijyb
  1933 | D:3      | Reached skill level 4 in Axes
  2105 | D:3      | Reached XP level 6. HP: 48/48 MP: 6/6
  2449 | D:3      | Reached skill level 1 in Dodging
  2449 | D:3      | Reached skill level 5 in Shields
  2661 | D:4      | Found Xeyrphy's Antique Armour Shop.
  2831 | D:4      | Noticed robba's ghost (amateur HuBe)
  2848 | D:4      | Reached XP level 7. HP: 33/54 MP: 7/7
  2856 | D:4      | Killed robba's ghost
  2856 | D:4      | Reached skill level 5 in Axes
  3338 | D:5      | Entered Level 5 of the Dungeon
  3360 | D:5      | Found Nuadal's Magic Scroll Emporium.
  3396 | D:5      | Noticed Blork the orc
  3406 | D:5      | Killed Blork the orc
  3406 | D:5      | Reached XP level 8. HP: 56/61 MP: 8/8
  3461 | D:5      | Reached skill level 5 in Armour
  3538 | D:5      | Found a shattered altar of Ashenzari.
  3550 | D:5      | Found a hazy altar of Hepliaklqana.
  3621 | D:5      | Noticed Sigmund
  3629 | D:5      | Killed Sigmund
  3629 | D:5      | Reached skill level 5 in Fighting
  3690 | D:5      | Found a shadowy altar of Dithmenos.
  4074 | D:6      | Reached skill level 6 in Axes
  4123 | D:6      | Noticed yogakurto's ghost (novice FoGl)
  4146 | D:6      | Killed yogakurto's ghost
  4146 | D:6      | Reached XP level 9. HP: 22/68 MP: 9/9
  4361 | D:6      | Found a stormy altar of Qazlal.
  4362 | D:6      | Found a burning altar of Makhleb.
  4363 | D:6      | Found a radiant altar of Vehumet.
  4364 | D:6      | Found a white marble altar of Elyvilon.
  4937 | D:6      | Reached skill level 7 in Axes
  4983 | D:6      | Found an iron altar of Okawaru.
  4996 | D:6      | Became a worshipper of Warmaster Okawaru
  5366 | D:7      | Found a staircase to the Ecumenical Temple.
  5390 | Temple   | Entered the Ecumenical Temple
  5607 | D:7      | Found an ancient bone altar of Kikubaaqudgha.
  5623 | D:7      | Reached * piety under Okawaru
  5838 | D:7      | Reached skill level 1 in Invocations
  6107 | D:8      | Reached skill level 8 in Axes
  6107 | D:8      | Reached XP level 10. HP: 77/77 MP: 11/11
  6591 | D:8      | Noticed a two-headed ogre
  6600 | D:8      | Killed a two-headed ogre
  6600 | D:8      | Reached ** piety under Okawaru
  7323 | D:9      | Reached skill level 9 in Axes
  7329 | D:9      | Reached *** piety under Okawaru
  7329 | D:9      | Reached skill level 5 in Invocations
  7871 | D:9      | Found a staircase to the Orcish Mines.
  7984 | D:9      | Reached XP level 11. HP: 65/84 MP: 13/15
  7988 | D:9      | Reached skill level 5 in Dodging
  8007 | D:9      | Reached **** piety under Okawaru
  8440 | D:9      | Noticed a two-headed ogre
  8452 | D:9      | Killed a two-headed ogre
  8524 | D:9      | Noticed a two-headed ogre
  8534 | D:9      | Killed a two-headed ogre
  8534 | D:9      | Received a gift from Okawaru
  8751 | D:10     | Entered Level 10 of the Dungeon
  8757 | D:10     | Noticed a skeletal warrior
  8790 | D:10     | Killed a skeletal warrior
  8790 | D:10     | Reached ***** piety under Okawaru
  8795 | D:10     | Noticed a skeletal warrior
  8804 | D:10     | Noticed a skeletal warrior
  8815 | D:10     | Killed a skeletal warrior
  8815 | D:10     | Reached skill level 10 in Axes
  9148 | D:10     | Killed a skeletal warrior
  9428 | D:10     | Noticed a skeletal warrior
  9471 | D:10     | Killed a skeletal warrior
  9715 | D:10     | Noticed a two-headed ogre
  9731 | D:10     | Killed a two-headed ogre
  9731 | D:10     | Reached XP level 12. HP: 88/93 MP: 16/18
 10014 | D:10     | Noticed a two-headed ogre
 10023 | D:10     | Killed a two-headed ogre
 10152 | D:10     | Noticed a tengu warrior
 10171 | D:10     | Killed a tengu warrior
 10171 | D:10     | Received a gift from Okawaru
 10311 | D:10     | Noticed a two-headed ogre
 10316 | D:10     | Killed a two-headed ogre
 10867 | D:11     | Found a staircase to the Lair.
 11342 | D:11     | Reached skill level 11 in Axes
 11658 | D:11     | Got a glittering platinum ring
 11763 | D:11     | Identified the ring of Vaelesk {*Corrode rElec rPois Dex+6 Stlth+} (You took it off a big kobold on level 11 of the Dungeon)
 11804 | D:11     | Noticed an unseen horror
 11814 | D:11     | Killed an unseen horror
 11892 | D:11     | Received a gift from Okawaru
 11893 | D:11     | Got a jewelled dagger {god gift}
 11894 | D:11     | Identified the +1 dagger of the Moth {freeze, +Blink MR++ Str+3 Dex-2 Stlth+} (Okawaru gifted it to you on level 11 of the Dungeon)
 12209 | D:11     | Noticed a two-headed ogre
 12216 | D:11     | Killed a two-headed ogre
 12506 | D:12     | Reached skill level 10 in Shields
 12506 | D:12     | Reached XP level 13. HP: 88/101 MP: 20/20
 12526 | D:12     | Noticed a four-headed hydra
 12985 | D:11     | Reached skill level 10 in Invocations
 13085 | D:11     | Killed a four-headed hydra
 13398 | D:12     | Noticed Sonja
 13413 | D:12     | You fall through a shaft for 3 floors!
 13413 | D:15     | Entered Level 15 of the Dungeon
 13955 | D:14     | Slain by a white ugly thing

Skill      XL: |  1  2  3  4  5  6  7  8  9 10 11 12 13 |
---------------+----------------------------------------+-----
Shields        | 4 5 6 7 8 9 10 | 10.2
Axes           | 3 4 5 6 8 9 10 11 | 11.7
Armour         | 4 5 6 7 8 9 |  9.4
Fighting       | 4 5 6 7 8 9 |  9.5
Dodging        | 1 2 3 4 5 6 |  6.8
Invocations    | 1 5 8 9 10 | 10.4
Stealth        | |  0.3

Action                   |  1- 3 |  4- 6 |  7- 9 | 10-12 | 13-15 || total
-------------------------+-------+-------+-------+-------+-------++-------
Melee: War axe           |    90 |   151 |   318 |   668 |       ||  1227
       Battleaxe         |       |       |       |   298 |   137 ||   435
       Dire flail        |       |       |       |       |    16 ||    16
Invok: Heroism           |       |       |       |     3 |       ||     3
       Finesse           |       |       |       |     2 |     1 ||     3
 Abil: Dig               |       |     1 |     2 |     7 |       ||    10
       Shaft Self        |       |       |       |       |     2 ||     2
Evoke: Wand              |       |       |       |     5 |       ||     5
  Use: Scroll            |       |     4 |     1 |    10 |       ||    15
       Potion            |       |     1 |     1 |     2 |     3 ||     7
  Eat: Chunk             |       |     2 |       |     3 |     1 ||     6
       Bread ration      |       |     1 |     1 |     2 |       ||     4
       Meat ration       |       |       |     2 |     2 |     1 ||     5
Armor: Scale mail        |    51 |    45 |       |       |       ||    96
       Plate armour      |       |    13 |   160 |   455 |    89 ||   717
Dodge: Dodged            |    27 |    58 |    89 |   366 |    81 ||   621
Block: Shield            |    61 |    80 |   196 |   632 |   121 ||  1090
